 Dungeon Crawl Stone Soup version 0.28.0-45-g0d030f2227 (webtiles) character file.

Game seed: 2829659883758073507

11958 raph the Reanimator (level 11, -8/97 HPs)
             Began as a Deep Dwarf Necromancer on May 24, 2022.
             Was an Elder of Makhleb.
             Mangled by a purple ugly thing (12 damage)
             ... on level 10 of the Dungeon.
             The game lasted 00:29:06 (15446 turns).

raph the Reanimator (Deep Dwarf Necromancer)       Turns: 15446, Time: 00:29:07

Health: -8/97      AC: 13    Str: 13    XL:     11   Next: 56%
Magic:  27/27 (18) EV: 18    Int: 25    God:    Makhleb [****..]
Gold:   85         SH:  0    Dex: 13    Spells: 0/20 levels left

rFire   . . .      SeeInvis .   M - +1 war axe (venom)
rCold   + . .      Faith    .   (no shield)
rNeg    . . .      Spirit   .   K - +2 leather armour {rC+}
rPois   +          Reflect  .   O - +1 helmet
rElec   .          Harm     .   q - +2 cloak
rCorr   .          Rampage  .   (no gloves)
Will    +....                   c - +2 pair of boots
Stlth   +++.......              y - amulet of magic regeneration
HPRegen 0.00/turn               r - ring of Suakk {rPois EV+4 Int+6 Slay+3 Stlth-}
MPRegen 0.60/turn               J - ring of magical power

@: about to teleport, slowed, very slow
A: damage resistance, heal wounds, sense surroundings 2, no regeneration
a: Heal Wounds, Renounce Religion, Minor Destruction, Lesser Servant of Makhleb,
Major Destruction


You were on level 10 of the Dungeon.
You worshipped Makhleb.
Makhleb was greatly pleased with you.
You visited 2 branches of the dungeon, and saw 11 of its levels.
You also visited: Ossuary.

You collected 781 gold pieces.
You spent 696 gold pieces at shops.

Inventory:

Hand Weapons
 a - a +0 war axe of electrocution
 b - a +0 hunting sling
 o - a +0 hand axe
 v - a +2 morningstar of draining
 M - a +1 war axe of venom (weapon)
Missiles
 g - 3 throwing nets
 k - 328 stones
 E - 69 sling bullets
Armour
 c - a +2 pair of boots (worn)
 q - a +2 cloak (worn)
 K - a +2 leather armour of cold resistance (worn)
 O - a +1 helmet (worn)
Jewellery
 j - a +6 ring of intelligence
 r - the ring of Suakk (left hand) {rPois EV+4 Int+6 Slay+3 Stlth-}
   (You bought it in a shop on level 1 of the Dungeon)

   [ring of evasion]

   EV:        It affects your evasion (+4).
   Int:       It affects your intelligence (+6).
   Slay:      It affects your accuracy & damage with ranged weapons and melee
   (+3).
   rPois:     It protects you from poison.
   Stlth:     It makes you less stealthy.
 s - a ring of wizardry
 y - an amulet of magic regeneration (around neck)
 A - a ring of wizardry
 C - a ring of flight
 J - a ring of magical power (right hand)
Wands
 e - a wand of charming (8)
 i - a wand of paralysis (9)
 z - a wand of digging (4)
 I - a wand of iceblast (10)
 N - a wand of polymorph (5)
Scrolls
 d - 4 scrolls of teleportation
 B - a scroll of fog
Potions
 f - 2 potions of mutation
 h - 3 potions of haste
 l - 5 potions of curing
 m - a potion of attraction {unknown}
 n - 5 potions of cancellation
 p - 2 potions of lignification
 u - 8 potions of heal wounds
 w - a potion of brilliance {unknown}
 x - 2 potions of might
 D - a potion of degeneration {unknown}
 F - a potion of resistance {unknown}
 L - 2 potions of magic


   Skills:
 + Level 5.7 Fighting
 * Level 9.7 Axes
 + Level 7.3 Dodging
 + Level 8.8 Stealth
 - Level 5.1 Spellcasting
 - Level 10.1 Necromancy
 * Level 8.4 Invocations


You couldn't memorise any spells.
You knew the following spells:

 Your Spells              Type           Power      Damage    Failure   Level
a - Pain                  Necr           100%       1d9       1%          1
b - Animate Skeleton      Necr           100%       N/A       1%          1
c - Vampiric Draining     Necr           55%        2d9       1%          3
d - Animate Dead          Necr           27%        N/A       1%          4
e - Agony                 Necr           55%        N/A       4%          5
f - Passwall              Tmut/Erth      5%         N/A       16%         2
g - Anguish               Hex/Necr       15%        N/A       13%         4

Your spell library contained the following spells:

 Spells                   Type           Power      Damage    Failure   Level
 Ensorcelled Hibernation  Hex/Ice        12%        N/A       16%         2
 Call Canine Familiar     Summ           6%         N/A       30%         3
 Conjure Flame            Conj/Fire      6%         6-21      30%         3
 Ignite Poison            Fire/Tmut/Pois 6%         N/A       30%         3
 Mephitic Cloud           Conj/Pois/Air  6%         N/A       30%         3
 Portal Projectile        Hex/Tloc       12%        N/A       30%         3
 Swiftness                Air            6%         N/A       30%         3
 Tukima's Dance           Hex            6%         N/A       30%         3
 Leda's Liquefaction      Hex/Erth       3%         N/A       71%         4
 Sticky Flame             Conj/Fire      6%         2d3       71%         4
 Summon Ice Beast         Ice/Summ       6%         N/A       71%         4
 Freezing Cloud           Conj/Ice/Air   3%         6-21      96%         5
 Summon Mana Viper        Hex/Summ       6%         N/A       96%         5
 Enfeeble                 Hex            3%         N/A       100%        7
 Monstrous Menagerie      Summ           3%         N/A       100%        7


Dungeon Overview and Level Annotations

Branches:
Dungeon (10/15)            Temple (1/1) D:4         Ossuary (visited)
   Lair: D:8-11         Orc: D:9-12

Altars:
Ashenzari
Cheibriados
Dithmenos
Elyvilon
Fedhas
Gozag
Hepliaklqana
Kikubaaqudgha
Makhleb
Nemelex Xobeh
Okawaru
Qazlal
Ru
Sif Muna
Trog
Uskayaw
Vehumet
Wu Jian
Xom
Yredelemnul
Zin
The Shining One

Shops:
D:1 (*(:   D:5 =

Annotations:
D:6 5 runed translucent doors
D:9 exclusion: ice statue


Innate Abilities, Weirdness & Mutations

You are resistant to damage.
You can heal yourself by infusing magical energy.
You passively map the area around you.
You do not regenerate.


Message History

You are too injured to fight recklessly!
You are too injured to fight recklessly!
You are too injured to fight recklessly!
The wraith closely misses you. The wraith misses you.
The wraith barely misses you.
Aiming: Major Destruction (5% risk of failure)
Press: ? - help, Shift-Dir - straight line, f - wraith
Aim: a wraith (severely damaged)
The bolt of magma hits the wraith!
The wraith is heavily damaged.
The bolt of magma misses the wraith.
The bolt of magma hits the wraith!
The wraith is almost destroyed.
The wraith barely misses you. The wraith hits you!
The wraith closely misses you. The wraith barely misses you.
You are too injured to fight recklessly!
You are too injured to fight recklessly!
The wraith hits you.
The wraith is wracked by anguish.
The wraith hits you.
* * * LOW HITPOINT WARNING * * *
The wraith misses you.
Aiming: Major Destruction (5% risk of failure)
Press: ? - help, Shift-Dir - straight line, p - wraith The bolt of acid hits the wraith!
The acid corrodes the wraith!
The wraith is almost destroyed.
The bolt of acid hits the wraith!
You destroy the wraith!
Makhleb accepts your kill. The wraith hits you but does no damage.
The wraith misses you. The wraith hits you!
* * * LOW HITPOINT WARNING * * *
The wraith drains your vigour!
You feel as though you will be slow longer.
The wraith misses you. The wraith hits you but does no damage.
The wraith closely misses you. The purple ugly thing stings you!
* * * LOW HITPOINT WARNING * * *
Items here: ( )))) ÷÷.
There is a stone staircase leading up here.
As you read the scroll of teleportation, it crumbles to dust.
You feel strangely unstable. The purple ugly thing stings you!
You die...

, ##...###..##..####*#
.................#
.................# ,
.................#
,,,,
......>..........# , ,
.................# ,,
....##WW###..######
**##+###)u###..####.##
#....W@..#.........#
#........#.........#
#........#.........##
##...##.####.##.....#
######.####.##..####
#............#
#....).......#
#...)))......#
#............#


You could see a purple ugly thing and 3 wraiths.

Vanquished Creatures
  Josephine (D:10)
  A centaur warrior (D:9)
  3 two-headed ogres
  Sigmund (D:6)
  21 yaks
  A wraith (D:10)
  2 wyverns
  Eustachio (D:5)
  2 steam dragons
  Menkaure (D:5)
  An acid dragon (D:10)
  A water moccasin (D:6)
  Duvessa (D:5)
  3 sky beasts
  An ice beast (D:7)
  An orc warrior (D:7)
  An ogre (D:7)
  A centaur (D:6)
  A necrophage (D:5)
  2 phantoms
  3 kobold brigands
  2 bullfrogs
  11 scorpions
  A wyvern skeleton (D:7)
  Dowan (D:5)
  9 killer bees
  12 wights
  A howler monkey (D:9)
  9 crimson imps (D:8)
  A centaur zombie (D:8)
  2 jellies
  A bullfrog zombie (D:5)
  4 human zombies (Ossuary)
  A hound (D:5)
  2 orc priests (D:7)
  A centaur skeleton (D:6)
  2 gnoll shamans
  Ijyb (D:2)
  Terence (D:2)
  5 scorpion zombies (Ossuary)
  Natasha (thrice) (D:4)
  3 iguanas
  3 orc wizards
  A hound zombie (D:5)
  4 mummies
  A hound skeleton (D:5)
  13 gnolls
  9 adders
  2 white imps (D:7)
  2 worms
  3 dart slugs (D:2)
  26 orcs
  9 endoplasms
  3 giant cockroaches
  13 goblins
  5 hobgoblins
  12 ball pythons
  8 bats
  6 frilled lizards
  A gnoll zombie (Ossuary)
  A goblin zombie (Ossuary)
  5 hobgoblin zombies
  16 kobolds
  2 kobold zombies (Ossuary)
  2 orc zombies (Ossuary)
  3 rats
273 creatures vanquished.

Vanquished Creatures (collateral kills)
  A killer bee (D:8)
  A wight (D:5)
  A howler monkey zombie (D:9)
  An endoplasm (D:1)
4 creatures vanquished.

Vanquished Creatures (others)
  An orc priest (D:10)
1 creature vanquished.

Grand Total: 278 creatures vanquished

Notes
Turn   | Place    | Note
-------+----------+-------------------------------------------
     0 | D:1      | raph the Deep Dwarf Necromancer began the quest for the
                  | Orb.
     0 | D:1      | Reached XP level 1. HP: 15/15 MP: 3/3
   163 | D:1      | Learned a level 1 spell: Animate Skeleton
   316 | D:1      | Reached XP level 2. HP: 19/22 MP: 0/4
   736 | D:1      | Found Geymuuqy's Book Emporium.
   883 | D:1      | Found Hobejaz's Antique Weapon Emporium.
  1048 | D:1      | Found Fynoiser's Assorted Antiques.
  1059 | D:1      | Found Riebuom's Antique Weapon Boutique.
  1253 | D:1      | Reached XP level 3. HP: 21/30 MP: 3/6
  1257 | D:1      | Learned a level 3 spell: Vampiric Draining
  1385 | D:2      | Found a faded altar of an unknown god.
  1748 | D:2      | Reached skill level 5 in Necromancy
  2108 | D:2      | Reached skill level 1 in Fighting
  2244 | D:2      | Reached XP level 4. HP: 38/38 MP: 0/7
  2500 | D:2      | Noticed Terence
  2508 | D:2      | Killed Terence
  2645 | D:2      | Reached skill level 1 in Axes
  2694 | D:2      | Reached XP level 5. HP: 34/44 MP: 0/8
  3163 | D:2      | Noticed Ijyb
  3175 | D:2      | Killed Ijyb
  3937 | D:3      | Found a faded altar of an unknown god.
  4003 | D:3      | Found a sacrificial altar of Ru.
  4600 | D:3      | Found a basalt altar of Yredelemnul.
  4600 | D:3      | Found a stormy altar of Qazlal.
  5000 | D:1      | Bought a heavily runed bone ring for 135 gold pieces
  5000 | D:1      | Identified the ring of Suakk {rPois EV+4 Int+6 Slay+3
                  | Stlth-} (You bought it in a shop on level 1 of the Dungeon)
  5481 | D:4      | Noticed Natasha
  5486 | D:4      | Killed Natasha
  5549 | D:4      | Identified the +4 rapier of the Philosopher {elec, rN+
                  | rCorr Str+4 Int-5}
  5611 | D:4      | Noticed a phantom
  5634 | D:3      | Killed a phantom
  5635 | D:3      | Reached XP level 6. HP: 38/52 MP: 9/9
  5916 | D:4      | Noticed Natasha
  5921 | D:4      | Killed Natasha
  5978 | D:4      | Learned a level 4 spell: Animate Dead
  6202 | D:4      | Found a staircase to the Ecumenical Temple.
  6211 | Temple   | Entered the Ecumenical Temple
  6313 | Temple   | Became a worshipper of Makhleb the Destroyer
  6488 | D:5      | Entered Level 5 of the Dungeon
  6488 | D:5      | Noticed Eustachio
  6732 | D:5      | Reached skill level 6 in Necromancy
  6929 | D:5      | Killed Eustachio
  6930 | D:5      | Reached XP level 7. HP: 55/60 MP: 3/11
  7189 | D:5      | Noticed Menkaure
  7199 | D:5      | Killed Menkaure
  7433 | D:4      | Noticed Natasha
  7438 | D:4      | Killed Natasha
  7644 | D:5      | Reached skill level 5 in Stealth
  7644 | D:5      | Reached XP level 8. HP: 19/62 MP: 12/12
  7817 | D:5      | Found Ygeocusk's Jewellery Shoppe.
  8100 | D:1      | Bought a square malachite amulet for 135 gold pieces
  8335 | D:5      | Noticed Dowan
  8336 | D:5      | Noticed Duvessa
  8430 | D:6      | Found the +9 staff of Olgreb {rPois∞}
  8462 | D:5      | Reached skill level 7 in Necromancy
  8608 | D:6      | Found a runed translucent door.
  8613 | D:6      | Found a runed translucent gate.
  8613 | D:6      | Found a runed translucent gate.
  8614 | D:6      | Found a runed translucent door.
  8625 | D:6      | Found a runed translucent gate.
  8899 | D:6      | Reached skill level 5 in Axes
  8899 | D:6      | Reached * piety under Makhleb
  9431 | D:6      | Noticed Sigmund
  9444 | D:6      | Killed Sigmund
  9855 | D:7      | Reached skill level 5 in Dodging
  9886 | D:7      | Reached skill level 8 in Necromancy
  9886 | D:7      | Gained mutation: You passively map the area around you.
                  | [Deep Dwarf growth]
  9886 | D:7      | Reached XP level 9. HP: 47/76 MP: 7/14
  9957 | D:7      | Learned a level 5 spell: Agony
 10713 | D:7      | Reached skill level 1 in Invocations
 11185 | D:8      | Found a sand-covered staircase.
 11188 | D:8      | Reached ** piety under Makhleb
 11191 | Ossuary  | Entered an ossuary
 11199 | Ossuary  | Learned a level 2 spell: Passwall
 11794 | Ossuary  | Reached skill level 9 in Necromancy
 12126 | D:8      | Reached XP level 10. HP: 79/87 MP: 16/16
 12130 | D:8      | Reached *** piety under Makhleb
 12532 | D:8      | Noticed a two-headed ogre
 12543 | D:8      | Killed a two-headed ogre
 12655 | D:8      | Reached skill level 5 in Invocations
 13216 | D:5      | Killed Duvessa
 13219 | D:5      | Killed Dowan
 13395 | D:1      | Bought a scroll of identify for 54 gold pieces
 13395 | D:1      | Bought a ruby ring for 135 gold pieces
 13395 | D:1      | Bought a scroll labelled ONWOAD PIPTIKU for 27 gold pieces
 13395 | D:1      | Bought 2 fuming ruby potions for 48 gold pieces
 13572 | D:1      | Bought a runed war axe for 162 gold pieces
 13793 | D:9      | Noticed a two-headed ogre
 13801 | D:9      | Killed a two-headed ogre
 13802 | D:9      | Reached skill level 5 in Fighting
 13802 | D:9      | Reached skill level 5 in Spellcasting
 13802 | D:9      | Reached skill level 10 in Necromancy
 13984 | D:9      | Noticed a centaur warrior
 13994 | D:9      | Killed a centaur warrior
 13995 | D:9      | Reached XP level 11. HP: 60/94 MP: 12/18
 14129 | D:9      | Learned a level 4 spell: Anguish
 14173 | D:9      | Reached **** piety under Makhleb
 15013 | D:10     | Entered Level 10 of the Dungeon
 15398 | D:10     | Noticed a two-headed ogre
 15408 | D:10     | Killed a two-headed ogre
 15410 | D:10     | Noticed Josephine
 15430 | D:10     | Killed Josephine
 15430 | D:10     | Noticed a purple ugly thing
 15444 | D:10     | HP: 4/97 [purple ugly thing (11)]
 15446 | D:10     | Mangled by a purple ugly thing

Illustrated notes

Levels and vault maps discovered:
D:1:      dpeg_chamrin_arrival_tetris, layout_basic, serial_shops,
          nicolae_shop_trees, nicolae_shop_trees, shop, shop, feat_on_display
D:2:      kennysheep_the_goblin_king, layout_rooms, basic_ecumenical_altar,
          minmay_split_cup_large, uniq_terence
D:3:      layout_loops_cross, nicolae_overflow_ecumenical_swirl,
          amethyst_overflow_temple_binary
D:4:      layout_rooms, temple_hall, st_stairs_14, uniq_natasha
D:5:      layout_cave_pods, serial_shops, nicolae_lakefront_shop, uniq_menkaure,
          uniq_eustachio, uniq_duvessa
D:6:      layout_basic, serial_curves, eino_curves_01, eino_curves_02,
          minmay_guarded_unrand_staff_of_olgreb, uniq_sigmund
D:7:      layout_cave_pools, minivault_1
D:8:      layout_loops_ring, nicolae_ossuary_entry_giza,
          minmay_stone_trees_small, minmay_nine_imps
D:9:      layout_stronghold, minmay_statue_bubble
D:10:     minmay_coctagon, layout_gridville, uniq_urug, uniq_josephine,
          uniq_gastronok
Temple:   mainiacjoe_temple_bowtie_tessellation

Skill      XL: |  1  2  3  4  5  6  7  8  9 10 11 |
---------------+----------------------------------+-----
Spellcasting   | 2 3 4 5 |  5.1
Stealth        | 3 4 5 6 7 8 |  8.8
Necromancy     | 5 6 8 9 10 | 10.1
Fighting       | 1 2 3 4 5 |  5.7
Axes           | 1 2 3 4 6 7 8 9 |  9.7
Dodging        | 3 4 5 6 7 |  7.3
Invocations    | 3 6 8 |  8.4

Action                   |  1- 3 |  4- 6 |  7- 9 | 10-12 || total
-------------------------+-------+-------+-------+-------++-------
Melee: Hand axe          |    17 |    22 |       |       ||    39
       War axe           |       |    54 |   218 |   184 ||   456
       Punch             |       |       |     2 |     5 ||     7
 Fire: Hunting sling     |       |       |     1 |       ||     1
 Cast: Pain              |    61 |    83 |    30 |    30 ||   204
       Animate Skeleton  |     7 |     6 |     4 |     2 ||    19
       Vampiric Draining |     6 |    20 |    68 |    36 ||   130
       Animate Dead      |       |       |     4 |     2 ||     6
       Agony             |       |       |       |    12 ||    12
       Anguish           |       |       |       |     2 ||     2
Invok: Major Destruction |       |       |       |     2 ||     2
       Lesser Servant of |       |       |       |     1 ||     1
 Abil: Heal Wounds       |       |       |     1 |       ||     1
Evoke: Wand              |       |     1 |     1 |       ||     2
  Use: Scroll            |     4 |     3 |     8 |     6 ||    21
       Potion            |       |       |     1 |       ||     1
 Stab: Sleeping          |     2 |     2 |     4 |     1 ||     9
       Distracted        |     1 |       |       |     1 ||     2
Armor: Robe              |    16 |    33 |       |       ||    49
       Leather armour    |       |       |    83 |    87 ||   170
Dodge: Dodged            |    39 |   102 |   249 |   287 ||   677
